Map: Turbo Cruise '84 LE

Players

prodi - Winner!

  • Race: Zerg Zerg
  • League: Master
  • Spawn Location: 3:00

Mez

  • Race: Terran Terran
  • League: Master
  • Spawn Location: 7:00

VOD

Have the link to the VOD?

Description

Time

  • Played on: Aug. 15, 2019, 3:34 p.m.
  • Length: 7:58
Show
View Real Time Build Order
Export as new Build Order

prodi Zerg - Winner!

Build Orders: Hatch First 

Get SALT Encoding   

  12  0:00  Drone  
  13  0:12  Overlord  
  13  0:17  Drone  
  14  0:31  Drone  
  15  0:46  Hatchery  
  14  0:54  Drone x2  
  16  1:08  Spawning Pool  
  15  1:12  Drone  
  16  1:20  Drone  
  16  1:21  Drone  
  18  1:38  Drone  
  19  1:40  Drone  
  20  1:47  Overlord  
  20  1:55  Queen  
  20  1:57  Queen  
  20  2:00  Zergling x4  
  26  2:10  Drone  
  26  2:11  Drone  
  26  2:13  Extractor  
  27  2:24  Drone  
  27  2:45  Overlord  
  27  2:46  Drone x2  
  27  2:47  Drone x2  
  31  2:53  Drone  
  31  2:55  Extractor  
  31  3:02  Drone x2  
  33  3:13  Drone x2, Metabolic Boost  
  35  3:27  Drone x2  
  35  3:29  Drone x3  
  35  3:32  Hatchery  
  39  3:34  Overlord  
  39  3:39  Drone x2  
  41  3:47  Lair  
  41  3:49  Drone x2  
  41  3:50  Overlord  
  43  4:01  Baneling Nest  
  42  4:12  Zergling x2  
  42  4:13  Zergling x12  
  42  4:15  Overlord  
  49  4:22  Zergling x4  
  51  4:24  Overlord  
  51  4:34  Zergling x2  
  51  4:35  Zergling x6  
  55  4:45  Centrifical Hooks  
  55  4:47  Zergling x12  
  55  4:49  Overlord  
  55  4:50  Overlord  
  55  4:51  Queen  
  63  5:04  Zergling x10  
  61  5:17  Zergling x2  
  61  5:18  Zergling x6  
  65  5:27  Zergling x6  
  68  5:34  Zergling x2  
  69  5:41  Zergling x4  
  71  5:46  Zergling x8  
  70  5:59  Drone x7  
  70  6:01  Baneling  
  70  6:02  Baneling x17  
  70  6:03  Baneling x6  
  77  6:05  Zergling x4  
  77  6:06  Zergling x2  
  80  6:11  Drone  
  81  6:24  Drone, Extractor  
  81  6:28  Evolution Chamber  
  70  6:44  Baneling  
  70  6:45  Baneling x8  
  61  7:02  Zergling x2  
  61  7:03  Zergling x26  
  70  7:15  Zergling x2  
  67  7:16  Zergling x12  
  73  7:28  Zergling x10  
  76  7:37  Drone x2  
Show
View Real Time Build Order
Export as new Build Order

Mez Terran 

Build Orders: Liberator Opening, Reaper Expand 

Get SALT Encoding   

  12  0:00  SCV  
  13  0:13  SCV  
  14  0:17  Supply Depot  
  14  0:25  SCV  
  15  0:39  SCV  
  15  0:41  Barracks  
  16  0:46  Refinery  
  16  0:51  SCV  
  17  1:03  SCV  
  18  1:15  SCV  
  19  1:29  Reaper  
  19  1:30  Orbital Command  
  20  1:42  Command Center  
  20  1:50  Supply Depot  
  20  1:56  SCV  
  21  2:06  Marine  
  22  2:12  SCV  
  22  2:15  Factory  
  23  2:18  Refinery  
  23  2:24  SCV  
  23  2:25  Barracks Reactor  
  24  2:44  SCV  
  25  2:56  Orbital Command  
  25  2:57  SCV  
  26  3:00  Starport  
  26  3:07  Hellion x2  
  26  3:09  SCV  
  26  3:10  Barracks Tech Lab  
  31  3:17  Supply Depot  
  31  3:21  SCV  
  31  3:23  Liberator  
  31  3:25  Engineering Bay  
  32  3:27  SCV  
  32  3:32  Hellion x2  
  32  3:34  SCV  
  40  3:46  Supply Depot  
  40  3:51  Marine  
  40  3:53  Stimpack, SCV  
  42  4:00  SCV  
  43  4:05  Hellion x2  
  43  4:06  SCV  
  48  4:18  SCV x2  
  50  4:33  Command Center  
  50  4:35  SCV x2  
  52  4:43  Factory Reactor  
  52  4:47  SCV x2  
  54  4:54  Starport Reactor  
  54  4:55  Barracks, Supply Depot  
  54  4:57  Barracks  
  54  4:59  SCV  
  56  5:00  SCV  
  43  5:15  SCV x2  
  43  5:17  Marine  
  46  5:22  Barracks  
  46  5:24  Barracks  
  46  5:27  Engineering Bay, SCV  
  46  5:28  SCV  
  48  5:29  Engineering Bay  
  48  5:30  Refinery x2, Factory Tech Lab  
  48  5:40  SCV  
  48  5:41  SCV  
  50  5:46  Marine x3  
  53  5:50  Siege Tank  
  53  5:51  Orbital Command  
  53  5:52  SCV  
  53  5:56  Marine x2  
  56  5:57  Medivac  
  56  5:59  Medivac  
  56  6:04  Marine x3  
  60  6:08  Combat Shield  
  63  6:14  Barracks Reactor x2, Marine  
  63  6:16  Orbital Command  
  64  6:24  Supply Depot  
  64  6:26  Siege Tank  
  64  6:30  Supply Depot  
  63  6:43  Medivac x2  
  63  6:44  Marine x4  
  36  7:02  Marine x2  
  36  7:04  Marine x5  
  36  7:05  Marine  
  30  7:16  Supply Depot  
  30  7:20  Marine x2  
  30  7:22  Marine  
  31  7:26  Orbital Command  
Tags
 
Add a new tag
Caveats
  • Supply blocks, unpowered buildings, or Contaminate may cause inaccurate times.
  • Supply counts are checked every 10 seconds.